 Dungeon Crawl Stone Soup version 0.29.1-15-g9cfb28693d (webtiles) character file.

Game seed: 6555844644790541617

4 hawla the Caller (level 1, -1/7 HPs)
             Began as a Felid Summoner on Apr 6, 2023.
             Slain by a goblin
             ... wielding a +0 club
              (4 damage)
             ... on level 1 of the Dungeon.
             The game lasted 00:01:21 (850 turns).

hawla the Caller (Felid Summoner)                    Turns: 850, Time: 00:01:21

Health: -1/7       AC:  1    Str:  4    XL:     1   Next: 58%
Magic:  2/4        EV: 17    Int: 16    God:
Gold:   30         SH:  0    Dex: 16    Spells: 3/4 levels left
                                        Lives:  0   Deaths: 0

rFire   . . .      SeeInvis +   (weapon unavailable)
rCold   . . .      Faith    .   (shield unavailable)
rNeg    . . .      Spirit   .   (body armour unavailable)
rPois   .          Reflect  .   (helmet unavailable)
rElec   .          Harm     .   (cloak unavailable)
rCorr   .          Rampage  .   (gloves unavailable)
Will    .....                   (boots unavailable)
Stlth   ++........              (no amulet)
HPRegen 0.02/turn               (no ring)
MPRegen 0.09/turn               (no ring)

@: quick
A: very small, claws 1, fangs 3, see invisible, speed 1, shaggy fur 1, stealthy
paws, no weapons or thrown items, no armour, multi-lived
a: no special abilities


You were on level 1 of the Dungeon.
You visited 1 branch of the dungeon, and saw 1 of its levels.

You collected 30 gold pieces.

Inventory:

Scrolls
 b - a scroll of teleportation {unknown}
 c - a scroll of amnesia {unknown}
 d - a scroll of identify {unknown}
Potions
 a - a potion of magic
 e - a potion of degeneration {unknown}
 f - a potion of curing {unknown}


   Skills:
 + Level 2.7 Dodging
 + Level 2.7 Stealth
 + Level 2.1 Spellcasting
 + Level 4.1 Summonings


You had 3 spell levels left.
You knew the following spells:

 Your Spells              Type           Power      Damage    Failure   Level
a - Summon Small Mammal   Summ           60%        N/A       3%          1

Your spell library contained the following spells:

 Spells                   Type           Power      Damage    Failure   Level
 Call Imp                 Summ           15%        N/A       5%          2
 Call Canine Familiar     Summ           15%        N/A       11%         3
 Summon Guardian Golem    Hex/Summ       8%         N/A       26%         3
 Summon Lightning Spire   Summ/Air       8%         N/A       65%         4
 Animate Dead             Necr           1%         N/A       90%         4
 Borgnjor's Vile Clutch   Necr/Erth      0%         N/A       99%         5
 Death Channel            Necr           0%         N/A       100%        6


Dungeon Overview and Level Annotations

Branches:
Dungeon (1/15)

Altars:


Innate Abilities, Weirdness & Mutations

You have sharp claws.
You have razor-sharp teeth.
You have supernaturally acute eyesight. (SInv)
You cover ground quickly. (Speed+)
You are covered in fur. (AC +1)
Your paws help you pounce on unaware monsters.
You are incapable of wielding weapons or throwing items.
You cannot wear armour.
You gain extra lives every three experience levels.


Message History

The rat is heavily wounded.
The rat closely misses you.
You scratch the rat but do no damage.
The rat is heavily wounded.
The rat misses you.
You closely miss the rat. You claw the rat.
You kill the rat!
No target in view!
f - a green potion You now have 30 gold pieces (gained 15).
You enter the shallow water.
Moving in this stuff is going to be slow.
You enter the shallow water.
Moving in this stuff is going to be slow.
Found a scale mail.
Found a pair of boots.
You open the door. 2 goblins come into view.
Casting: Summon Small Mammal (safe; 3% risk of failure)
Confirm with . or Enter, or press ? or * to list all spells.
Casting: Summon Small Mammal (safe; 3% risk of failure)
Confirm with . or Enter, or press ? or * to list all spells.
The goblin shouts! x2
A bat comes into view.
Your bat hits the goblin.
The goblin hits your bat with a +0 club.
Your bat dies!
Your bat's corpse disappears in a puff of smoke!
The goblin hits your rat with a +0 club.
Your rat bites the goblin.
You barely miss the goblin.
The goblin is severely wounded.
The goblin hits you with a +0 club.
Ouch! That really hurt!
Your rat closely misses the goblin.
You scratch the goblin but do no damage.
The goblin is severely wounded.
The goblin hits you with a +0 club.
Ouch! That really hurt!
You die...

.....# .~# .....# +.....##
.....# #....[.# ...[.#
#......# .....# #.[....#
.....# #......# . #....#
#......# ... #....#
#.....r##..... #....#
#.....@gb..... #....#
#......#g..... #....#
#......# ..... .....#
#......# ..## ..####
#####..# ... ..###
######.######. ....#
###...........### ....#
###...###...###..)###
#...###...####.....####...##


You could see 2 goblins, a bat and a friendly rat (summoned).

Vanquished Creatures
  A dart slug (D:1)
  A hobgoblin (D:1)
  A rat (D:1)
3 creatures vanquished.

Notes
Turn   | Place    | Note
-------+----------+-------------------------------------------
     0 | D:1      | hawla the Felid Summoner began the quest for the Orb.
     0 | D:1      | Reached XP level 1. HP: 7/7 MP: 4/4
   850 | D:1      | Slain by a goblin

Illustrated notes

Levels and vault maps discovered:
D:1:      dpeg_arrival_central, layout_basic, basic_ecumenical_altar,
          minmay_liquid_box, amcnicky_mini_rare_corridor_liquid,
          serial_bayou_lagoon_a, minmay_misc_feat_square

Action                   || total
-------------------------++-------
Melee: Unarmed           ||    19
       Bite              ||     2
       Punch             ||     1
 Cast: Summon Small Mamm ||     5
Dodge: Dodged            ||     7
